TOP OF THE 1ST |
---|
Pocatello Bellas batting - Pitching for Portland Cards : RHP Won-min Im | Pitching: RHP Won-min Im | | Batting: RHB Francisco Ibarra | 0-0: Called Strike 0-1: Called Strike 0-2: Foul Ball, location: 2F 0-2: Foul Ball, location: 2F 0-2: Ball 1-2: Foul Ball, location: 2F 1-2: Ball 2-2: Strikes out looking | Batting: LHB Keith Beard | 0-0: Ball 1-0: Ball 2-0: Called Strike 2-1: Called Strike 2-2: Foul Ball, location: 2F 2-2: TRIPLE (Line Drive, 78XD) | Batting: SHB Shane Hutchinson | 0-0: Ball 1-0: Ball 2-0: Foul Ball, location: 2F 2-1: Called Strike 2-2: Ball 3-2: Base on Balls | Batting: RHB Marlon Phipps | 0-0: Ball 1-0: Swinging Strike 1-1: Swinging Strike 1-2: Strikes out looking Shane Hutchinson steals 2nd base Batter strikes out. | Batting: LHB Ray Bryant | 0-0: Ball 1-0: Ball 2-0: Called Strike 2-1: Called Strike 2-2: Ball 3-2: Foul Ball, location: 2F 3-2: Strikes out swinging | Top of the 1st over - 0 runs, 1 hit, 0 errors, 2 left on base; Pocatello 0 - Portland 0 | BOTTOM OF THE 1ST |
---|
Portland Cards batting - Pitching for Pocatello Bellas : RHP Orlando Trinidad | Pitching: RHP Orlando Trinidad | | Batting: RHB Dani Vázquez | 0-0: Fly out, F9 (Flyball, 9LM) | Batting: RHB António Zúńiga | 0-0: Called Strike 0-1: Ball 1-1: Ball 2-1: Foul Ball, location: 2F 2-2: Ball 3-2: Foul Ball, location: 2F 3-2: Ground out U3 (Groundball, 3) | Batting: LHB Jeff Daniels | 0-0: Ball 1-0: Ball 2-0: SINGLE (Flyball, 7S) | Batting: LHB Troy Donaldson | 0-0: Fly out, F8 (Flyball, 78XD) | Bottom of the 1st over - 0 runs, 1 hit, 0 errors, 1 left on base; Pocatello 0 - Portland 0 | TOP OF THE 2ND |
---|
Pocatello Bellas batting - Pitching for Portland Cards : RHP Won-min Im | Batting: RHB José Delgado | 0-0: Called Strike 0-1: Ball 1-1: Fly out, F7 (Flyball, 7LDF) | Batting: SHB Nick Cox | 0-0: Ball 1-0: SINGLE (Groundball, 34D) | Batting: RHB Morgan Gibbon | 0-0: Called Strike 0-1: Ball 1-1: Ball Nick Cox is caught stealing 2nd base 2-1: Ball 3-1: Foul Ball, location: 2F 3-2: DOUBLE (Line Drive, 9LM) | Batting: LHB Keng-chi Lao | 0-0: Ball 1-0: Ground out 6-3 (Groundball, 6M) | Top of the 2nd over - 0 runs, 2 hits, 0 errors, 1 left on base; Pocatello 0 - Portland 0 | BOTTOM OF THE 2ND |
---|
Portland Cards batting - Pitching for Pocatello Bellas : RHP Orlando Trinidad | Batting: RHB Eugene Gill | 0-0: Ball 1-0: Called Strike 1-1: Foul Ball, location: 2F 1-2: Foul Ball, location: 2F 1-2: Foul Ball, location: 2F 1-2: Ground out 4-3 (Groundball, 4S) | Batting: RHB Aaron Scott | 0-0: Ball 1-0: Ball 2-0: Called Strike 2-1: Foul Ball, location: 2F 2-2: Strikes out looking | Batting: LHB Chance Santry | 0-0: SINGLE (Flyball, 89M) | Batting: RHB Mario Méndez | 0-0: Ball 1-0: Fly out, F7 (Flyball, 7D) | Bottom of the 2nd over - 0 runs, 1 hit, 0 errors, 1 left on base; Pocatello 0 - Portland 0 | TOP OF THE 3RD |
---|
Pocatello Bellas batting - Pitching for Portland Cards : RHP Won-min Im | Batting: RHB Francisco Ibarra | 0-0: Called Strike 0-1: Reached on error, E3 (Groundball, 34S) | Batting: LHB Keith Beard | 0-0: Called Strike 0-1: Swinging Strike 0-2: Foul Ball, location: 2F 0-2: Ball 1-2: SINGLE (Line Drive, 4M) Francisco Ibarra to third | Batting: SHB Shane Hutchinson | 0-0: Ball Passed Ball! Francisco Ibarra scores Keith Beard to second 1-0: Called Strike 1-1: Called Strike 1-2: Ball 2-2: Ball 3-2: Base on Balls | Batting: RHB Marlon Phipps | 0-0: Called Strike 0-1: Swinging Strike 0-2: Ball 1-2: Strikes out swinging | Batting: LHB Ray Bryant | 0-0: Ball 1-0: Ball 2-0: Ball 3-0: Called Strike 3-1: Foul Ball, location: 2F 3-2: Foul Ball, location: 2F 3-2: Foul Ball, location: 2F 3-2: Fly out, F4 (Popup, 4D) | Batting: RHB José Delgado | 0-0: Called Strike 0-1: Called Strike 0-2: Foul Ball, location: 2F 0-2: Ball 1-2: Ground out 1-3 (Groundball, 15S) | Top of the 3rd over - 1 run, 1 hit, 1 error, 2 left on base; Pocatello 1 - Portland 0 | BOTTOM OF THE 3RD |
---|
Portland Cards batting - Pitching for Pocatello Bellas : RHP Orlando Trinidad | Batting: RHB Robert Bly | 0-0: Ball 1-0: Swinging Strike 1-1: Ball 2-1: Swinging Strike 2-2: Ball 3-2: Ground out 6-3 (Groundball, 6) | Batting: RHB Dani Vázquez | 0-0: Called Strike 0-1: Ball 1-1: Called Strike 1-2: Foul Ball, location: 2F 1-2: Ball 2-2: Fly out, F9 (Flyball, 89M) | Batting: RHB António Zúńiga | 0-0: Ball 1-0: Ball 2-0: Foul Ball, location: 2F 2-1: Ground out 4-3 (Groundball, 4) | Bottom of the 3rd over - 0 runs, 0 hits, 0 errors, 0 left on base; Pocatello 1 - Portland 0 | TOP OF THE 4TH |
---|
Pocatello Bellas batting - Pitching for Portland Cards : RHP Won-min Im | Batting: SHB Nick Cox | 0-0: Foul Ball, location: 2F 0-1: Foul Ball, location: 2F 0-2: Ball 1-2: Fly out, F6 (Flyball, 6D) | Batting: RHB Morgan Gibbon | 0-0: Swinging Strike 0-1: Foul Ball, location: 2F 0-2: Strikes out swinging, 2-3 out at first. | Batting: LHB Keng-chi Lao | 0-0: DOUBLE (Groundball, 3L) | Batting: RHB Francisco Ibarra | 0-0: Ball 1-0: Swinging Strike 1-1: Ball 2-1: Foul Ball, location: 2F 2-2: Ball 3-2: Foul Ball, location: 2F 3-2: Strikes out swinging | Top of the 4th over - 0 runs, 1 hit, 0 errors, 1 left on base; Pocatello 1 - Portland 0 | BOTTOM OF THE 4TH |
---|
Portland Cards batting - Pitching for Pocatello Bellas : RHP Orlando Trinidad | Batting: LHB Jeff Daniels | 0-0: Ball 1-0: Ball 2-0: SINGLE (Line Drive, 6MD) | Batting: LHB Troy Donaldson | 0-0: Called Strike 0-1: Ball 1-1: Ball 2-1: Ball 3-1: Base on Balls Jeff Daniels to second | Batting: RHB Eugene Gill | 0-0: Ball 1-0: Ball 2-0: Foul Ball, location: 2F 2-1: Ball 3-1: Base on Balls Jeff Daniels to third Troy Donaldson to second | Batting: RHB Aaron Scott | 0-0: Ball 1-0: Ball 2-0: Called Strike 2-1: Reached on error, E5 (Groundball, 56) Jeff Daniels scores Troy Donaldson to third Eugene Gill to second | Batting: LHB Chance Santry | 0-0: Foul Ball, location: 2F 0-1: Called Strike 0-2: Ball 1-2: Strikes out swinging | Batting: RHB Mario Méndez | 0-0: Called Strike 0-1: Swinging Strike 0-2: Foul Ball, location: 2F 0-2: Ball 1-2: Foul Ball, location: 2F 1-2: Foul Ball, location: 2F 1-2: Ball 2-2: Strikes out looking | Batting: RHB Robert Bly | 0-0: Swinging Strike 0-1: Fly out, F3 (Popup, 3L) | Bottom of the 4th over - 1 run, 1 hit, 1 error, 3 left on base; Pocatello 1 - Portland 1 | TOP OF THE 5TH |
---|
Pocatello Bellas batting - Pitching for Portland Cards : RHP Won-min Im | Batting: LHB Keith Beard | 0-0: Ball 1-0: Foul Ball, location: 2F 1-1: SINGLE (Line Drive, 34D) | Pitching: RHP Ron Biller | | Batting: SHB Shane Hutchinson | 0-0: Ball 1-0: Called Strike 1-1: Ball 2-1: Foul Ball, location: 2F 2-2: SINGLE (Groundball, 3S) (infield hit) Keith Beard to second | Batting: RHB Marlon Phipps | 0-0: Ball 1-0: Ball Balk! Keith Beard to third Shane Hutchinson to second 2-0: Foul Ball, location: 2F 2-1: Swinging Strike 2-2: Ground out 6-3 (Groundball, 56) | Batting: LHB Ray Bryant | 0-0: Ball 1-0: Ball 2-0: Ground out 4-3 (Groundball, 4M) | Batting: RHB José Delgado | 0-0: SINGLE (Flyball, 89M) Keith Beard scores Shane Hutchinson to third Runner from 3rd tries for Home, throw and OUT! | Top of the 5th over - 1 run, 3 hits, 0 errors, 1 left on base; Pocatello 2 - Portland 1 | BOTTOM OF THE 5TH |
---|
Portland Cards batting - Pitching for Pocatello Bellas : RHP Orlando Trinidad | Batting: RHB Dani Vázquez | 0-0: Ball 1-0: Ball 2-0: Ball 3-0: Base on Balls | Batting: RHB António Zúńiga | 0-0: Foul Ball, location: 2F 0-1: Swinging Strike 0-2: Ball 1-2: Ball 2-2: Strikes out swinging | Batting: LHB Jeff Daniels | 0-0: Ball 1-0: Called Strike 1-1: Ball 2-1: Ball 3-1: Base on Balls Dani Vázquez to second | Batting: LHB Troy Donaldson | 0-0: Called Strike 0-1: Foul Ball, location: 2F 0-2: Ball 1-2: Foul Ball, location: 2F 1-2: Ball 2-2: Ball 3-2: Base on Balls Dani Vázquez to third Jeff Daniels to second | Batting: RHB Eugene Gill | 0-0: Called Strike 0-1: Ball 1-1: Foul Ball, location: 2F 1-2: Strikes out swinging | Batting: RHB Aaron Scott | 0-0: Ball 1-0: Fly out, F9 (Flyball, 9LM) | Bottom of the 5th over - 0 runs, 0 hits, 0 errors, 3 left on base; Pocatello 2 - Portland 1 | TOP OF THE 6TH |
---|
Pocatello Bellas batting - Pitching for Portland Cards : RHP Ron Biller | Batting: SHB Nick Cox | 0-0: Ball 1-0: Foul Ball, location: 2F 1-1: Swinging Strike 1-2: Foul Ball, location: 2F 1-2: Ball 2-2: Ground out 5-3 (Groundball, 5) | Batting: RHB Morgan Gibbon | 0-0: Ball 1-0: Fly out, F4 (Popup, 4MD) | Batting: LHB Keng-chi Lao | 0-0: Ball 1-0: Ball 2-0: Ball 3-0: Called Strike 3-1: Base on Balls | Batting: RHB Francisco Ibarra | 0-0: Fly out, F8 (Flyball, 8RS) | Top of the 6th over - 0 runs, 0 hits, 0 errors, 1 left on base; Pocatello 2 - Portland 1 | BOTTOM OF THE 6TH |
---|
Portland Cards batting - Pitching for Pocatello Bellas : RHP Orlando Trinidad | Pitching: RHP Ramón Silva | | Batting: LHB Chance Santry | 0-0: Ball 1-0: Ball 2-0: SOLO HOME RUN (Flyball, 7D), Distance : 349 ft | Batting: RHB Mario Méndez | 0-0: Called Strike 0-1: Ball 1-1: Fly out, F7 (Flyball, 78S) | Batting: RHB Robert Bly | 0-0: Swinging Strike 0-1: Ball 1-1: Ball 2-1: Fly out, F8 (Flyball, 8RM) | Batting: RHB Dani Vázquez | 0-0: Ground out 4-3 (Groundball, 4S) | Bottom of the 6th over - 1 run, 1 hit, 0 errors, 0 left on base; Pocatello 2 - Portland 2 | TOP OF THE 7TH |
---|
Pocatello Bellas batting - Pitching for Portland Cards : RHP Ron Biller | Pitching: LHP José Garza | | Pinch Hitting: RHB Francisco Sandoval | 0-0: Ball 1-0: Ball 2-0: Ball 3-0: Called Strike 3-1: Foul Ball, location: 2F 3-2: Foul Ball, location: 2F 3-2: Fly out, F9 (Flyball, 89S) | Pitching: RHP Butch Ramey | | Batting: SHB Shane Hutchinson | 0-0: Ground out 6-3 (Groundball, 6) | Batting: RHB Marlon Phipps | 0-0: Ball 1-0: Foul Ball, location: 2F 1-1: Swinging Strike 1-2: Foul Ball, location: 2F 1-2: Strikes out swinging | Top of the 7th over - 0 runs, 0 hits, 0 errors, 0 left on base; Pocatello 2 - Portland 2 | BOTTOM OF THE 7TH |
---|
Portland Cards batting - Pitching for Pocatello Bellas : RHP Ramón Silva | Now in CF: Tomás Carranza | | Batting: RHB António Zúńiga | 0-0: Called Strike 0-1: Ground out U3 (Groundball, 34) | Batting: LHB Jeff Daniels | 0-0: Foul Ball, location: 2F 0-1: Swinging Strike 0-2: Ball 1-2: Strikes out swinging | Batting: LHB Troy Donaldson | 0-0: Foul Ball, location: 2F 0-1: Ball 1-1: SOLO HOME RUN (Flyball, 89XD), Distance : 368 ft | Pitching: RHP Adrián Martínez | | Batting: RHB Eugene Gill | 0-0: Swinging Strike 0-1: Swinging Strike 0-2: Foul Ball, location: 2F 0-2: Strikes out swinging | Bottom of the 7th over - 1 run, 1 hit, 0 errors, 0 left on base; Pocatello 2 - Portland 3 | TOP OF THE 8TH |
---|
Pocatello Bellas batting - Pitching for Portland Cards : RHP Butch Ramey | Now at 1B: Gabriel Miranda | | Batting: LHB Ray Bryant | 0-0: Ball 1-0: Ball 2-0: Called Strike 2-1: Called Strike 2-2: Ball 3-2: Foul Ball, location: 2F 3-2: SINGLE (Groundball, 6D) | Batting: RHB José Delgado | 0-0: Grounds into double play, 4-6-3 (Groundball, 4) | Batting: SHB Nick Cox | 0-0: Ball 1-0: Ball 2-0: SINGLE (Flyball, 78S) | Batting: RHB Morgan Gibbon | 0-0: Called Strike 0-1: Ball 1-1: Swinging Strike 1-2: Ball 2-2: Fly out, F9 (Flyball, 89D) | Top of the 8th over - 0 runs, 2 hits, 0 errors, 1 left on base; Pocatello 2 - Portland 3 | BOTTOM OF THE 8TH |
---|
Portland Cards batting - Pitching for Pocatello Bellas : RHP Adrián Martínez | Batting: RHB Aaron Scott | 0-0: Called Strike 0-1: Fly out, F7 (Flyball, 7) | Batting: LHB Chance Santry | 0-0: Foul Ball, location: 2F 0-1: Swinging Strike 0-2: Fly out, F8 (Flyball, 89D) | Batting: RHB Mario Méndez | 0-0: Called Strike 0-1: Fly out, F6 (Line Drive, 6M) | Bottom of the 8th over - 0 runs, 0 hits, 0 errors, 0 left on base; Pocatello 2 - Portland 3 | TOP OF THE 9TH |
---|
Pocatello Bellas batting - Pitching for Portland Cards : RHP Butch Ramey | Now at 3B: Willie Houk | | Batting: LHB Keng-chi Lao | 0-0: Swinging Strike 0-1: Called Strike 0-2: Ball 1-2: Strikes out swinging | Batting: RHB Francisco Ibarra | 0-0: Called Strike 0-1: Ball 1-1: Ball 2-1: Called Strike 2-2: Ball 3-2: Base on Balls | Batting: RHB Tomás Carranza | 0-0: Ball 1-0: Swinging Strike 1-1: Ball 2-1: Foul Ball, location: 2F 2-2: SINGLE (Line Drive, 9S) Francisco Ibarra to second | Batting: SHB Shane Hutchinson | 0-0: Swinging Strike 0-1: Ball 1-1: Foul Ball, location: 2F 1-2: Foul Ball, location: 2F 1-2: Strikes out swinging | Batting: RHB Marlon Phipps | 0-0: Called Strike 0-1: Swinging Strike 0-2: Strikes out swinging, 2-3 out at first. | Top of the 9th over - 0 runs, 1 hit, 0 errors, 2 left on base; Pocatello 2 - Portland 3 | |